 Dungeon Crawl Stone Soup version 0.28-a0-1524-ge72afd5fc6 (webtiles) character file.

Game seed: 5624314604865631610

5301 murtidash the Fighter (level 10, -1/94 HPs)
             Began as a Hill Orc Delver on Jan 18, 2022.
             Was a Priest of Okawaru.
             Slain by a two-headed ogre (10 damage)
             ... on level 9 of the Dungeon.
             The game lasted 00:11:45 (8248 turns).

murtidash the Fighter (Hill Orc Delver)             Turns: 8248, Time: 00:11:45

Health: -1/94      AC: 12    Str: 26    XL:     10   Next: 63%
Magic:  10/10      EV:  9    Int:  7    God:    Okawaru [***...]
Gold:   416        SH:  0    Dex: 18    Spells: 9/9 levels left

rFire   . . .      SeeInvis .   d - +11 quarterstaff of Firuts {vorpal, rElec rPois Int-3 Dex+6}
rCold   . . .      Faith    .   (shield currently unavailable)
rNeg    . . .      Spirit   .   A - +0 chain mail
rPois   +          Reflect  .   (no helmet)
rElec   +          Harm     .   j - +0 cloak
rCorr   .          Rampage  .   s - +0 pair of gloves
Will    .....                   (no boots)
Stlth   ..........              (no amulet)
HPRegen 0.25/turn               i - +6 ring of strength
MPRegen 0.12/turn               (no ring)

@: hasted, very quick
A: no striking features
a: Renounce Religion, Heroism


You were on level 9 of the Dungeon.
You worshipped Okawaru.
Okawaru was most pleased with you.
You visited 2 branches of the dungeon, and saw 10 of its levels.

You collected 416 gold pieces.

Inventory:

Hand Weapons
 a - a +0 hand axe
 d - the +11 quarterstaff of Firuts (weapon) {vorpal, rElec rPois Int-3 Dex+6}
   (You found it on level 3 of the Dungeon)

   It inflicts extra damage upon your enemies.
   Int:       It affects your intelligence (-3).
   Dex:       It affects your dexterity (+6).
   rElec:     It insulates you from electricity.
   rPois:     It protects you from poison.
 D - a +0 dagger of distortion {!w}
   (You took it off an orc on level 5 of the Dungeon)
Armour
 b - a +0 leather armour
 j - a +0 cloak (worn)
   (You found it on level 5 of the Dungeon)
 s - a +0 pair of gloves (worn)
   (You found it on level 1 of the Dungeon)
 y - a +0 ring mail
   (You took it off Ijyb on level 5 of the Dungeon)
 A - a +0 chain mail (worn)
   (You took it off Edmund on level 5 of the Dungeon)
Magical Staves
 C - a staff of death {rN+}
   (You took it off an orc wizard on level 5 of the Dungeon)
Jewellery
 i - a +6 ring of strength (left hand)
   (You found it on level 5 of the Dungeon)
 k - a +6 ring of intelligence
   (You found it on level 3 of the Dungeon)
 E - an amulet of faith {Faith, !P}
   (You found it on level 6 of the Dungeon)
Wands
 g - a wand of digging (2)
 h - a wand of flame (57)
   (You found it on level 5 of the Dungeon)
 B - a wand of polymorph (7)
   (You found it on level 5 of the Dungeon)
Scrolls
 c - a scroll of fog
 e - a scroll of fear
 f - a scroll of brand weapon {unknown}
 o - 5 scrolls of amnesia {unknown}
 p - 8 scrolls of identify {unknown}
 r - a scroll of enchant armour {unknown}
 w - 2 scrolls of noise {unknown}
 x - a scroll of torment {!r}
 I - 3 scrolls of magic mapping {!r}
Potions
 l - 2 potions of mutation {unknown}
 m - a potion of magic {unknown}
 n - a potion of lignification {unknown}
 q - a potion of heal wounds {unknown}
 t - 3 potions of flight {unknown}
 u - 2 potions of might {unknown}
 v - 2 potions of degeneration {unknown}
 z - a potion of attraction {unknown}
 G - a potion of brilliance {unknown}
 H - 3 potions of curing {unknown}


   Skills:
 + Level 10.7 Fighting
 - Level 4.0(4.3) Axes
 - Level 1.6(8.4) Maces & Flails
 * Level 10.4(10.5) Staves
 + Level 5.7 Armour
 - Level 1.5 Dodging
 - Level 4.1 Stealth


You had 9 spell levels left.
You didn't know any spells.
Your spell library contained the following spells:

 Spells                   Type           Power      Damage    Failure   Level
 Apportation              Tloc           0%         N/A       95%         1
 Corpse Rot               Necr/Air       0%         N/A       99%         2
 Ignite Poison            Fire/Tmut/Pois 0%         N/A       100%        3
 Mephitic Cloud           Conj/Pois/Air  0%         N/A       100%        3
 Dispel Undead            Necr           0%         3d6       100%        4
 Freezing Cloud           Conj/Ice/Air   0%         6-21      100%        5
 Animate Skeleton         Necr           Unusable   N/A       N/A         1
 Summon Small Mammal      Summ           Unusable   N/A       N/A         1
 Death Channel            Necr           Unusable   N/A       N/A         6

Dungeon Overview and Level Annotations

Branches:
Dungeon (9/15)             Temple (1/1) D:7
   Lair: D:8-11         Orc: D:9-12

Altars:
Ashenzari
Cheibriados
Dithmenos
Elyvilon
Fedhas
Gozag
Hepliaklqana
Kikubaaqudgha
Makhleb
Nemelex Xobeh
Okawaru
Qazlal
Ru
Sif Muna
Trog
Uskayaw
Vehumet
Wu Jian
Xom
Yredelemnul
Zin
The Shining One


Message History

You take 10 damage, and have 84/94 hp.
You bludgeon the wight!!
You destroy the wight!
Okawaru accepts your kill.
You bludgeon the wight!!
You destroy the wight!
Okawaru accepts your kill. The wight barely misses you.
Items here: )) [[.
You hit the wight but do no damage. The wight barely misses you.
You sock the wight!
The wight hits you with a +1 halberd of distortion.
You feel drained. Space warps around you.
You take 11 damage, and have 74/93 hp.
You hit the wight. You bludgeon the wight!!
You destroy the wight!
Okawaru accepts your kill.
Your life force feels restored.
Things that are here:
a +1 halberd of distortion {!w}; a +0 robe A wight comes into view.
It is wielding a +0 war axe.
You see here a scroll of magic mapping {!r}.
I - 3 scrolls of magic mapping {!r} (gained 1)
You bludgeon the wight!!
You destroy the wight!
Okawaru accepts your kill.
No target in view!
No target in view!
No target in view!
No target in view!
No target in view!
No target in view!
No target in view!
No target in view!
No target in view!
No target in view!
No target in view!
No target in view!
Things that are here:
a +0 war axe; a +0 robe; Health restored: 94
p - 8 scrolls labelled ZOKOYP NIBB (gained 1)
An orc wizard comes into view. It is wielding a +0 dagger.
A centaur zombie comes into view.
You closely miss the orc wizard.
The orc wizard shouts!
You hear a shout!
You hear two shouts!
You hear a shout!
You hear a bellow!
You hear two shouts!
You bludgeon the orc wizard!!
You kill the orc wizard!
Okawaru accepts your kill.
A two-headed ogre comes into view. It is wielding two +0 giant clubs.
You sock the centaur zombie!
The centaur zombie hits you but does no damage.
The centaur zombie barely misses you.
You bludgeon the centaur zombie!!
You destroy the centaur zombie!
Okawaru accepts your kill.
A centaur warrior comes into view.
A gnoll sergeant comes into view. It is wielding a +0 spear.
The centaur warrior wields a +0 shortbow.
The centaur warrior shoots an arrow.
The arrow hits you!
The gnoll sergeant shouts!
You hear a horrible gurgling sound!
The centaur warrior shoots an arrow.
The arrow hits you!
You hit the two-headed ogre.
The centaur warrior shoots an arrow.
The arrow hits you!
You hear a howl!
You are too injured to fight recklessly!
You take 32 damage, and have 62/94 hp.
MASSIVE DAMAGE!!
You are too injured to fight recklessly!
You are too injured to fight recklessly!
You are too injured to fight recklessly!
You are too injured to fight recklessly!
You are too injured to fight recklessly!
You are too injured to fight recklessly!
You are too injured to fight recklessly!
You are too injured to fight recklessly!
You are too injured to fight recklessly!
You are too injured to fight recklessly!
You are too injured to fight recklessly!
You are too injured to fight recklessly!
You are too injured to fight recklessly!
You are too injured to fight recklessly!
You are too injured to fight recklessly!
You are too injured to fight recklessly!
The centaur warrior shoots an arrow.
The arrow hits you.
The two-headed ogre hits you with a +0 giant club!!
* * * LOW HITPOINT WARNING * * *
The two-headed ogre misses you.
You hear a shout!
You take 34 damage, and have 28/94 hp.
MASSIVE DAMAGE!!
The centaur warrior shoots an arrow.
The arrow barely misses you.
There is an open door here.
Okay, then.
Unknown command.
You feel yourself speed up.
The two-headed ogre hits you with a +0 giant club!!
* * * LOW HITPOINT WARNING * * *
The two-headed ogre hits you with a +0 giant club!
You die...

.. ###### ##. ##....#
..# ##.###.# ####..#
##....#.# #.####..cg#
#.#.#.#.#
#.......)#####.#.....#
#.........###.#####
##O#######........# #@#
#.##.###.# #...#
#.##...... #.....#
#.##.###.# #.......#
#.#......# #.........#
#....##..#
.'.........'...........
.##.........###........#
##.......## ###.......
##.#####


You could see a centaur warrior, a two-headed ogre and a gnoll sergeant.

Vanquished Creatures
  A two-headed ogre (D:8)
  The ghost of Clumpoid the Grappler, a novice TrMo of Trog (D:8)
  Pikel (D:5)
  Sigmund (D:5)
  Eustachio (D:6)
  4 yaks (D:8)
  2 steam dragons
  Edmund (D:5)
  2 water moccasins
  A sky beast (D:7)
  An ice beast (D:5)
  An orc warrior (D:9)
  An ogre (D:6)
  3 centaurs
  Blork the orc (D:5)
  A gnoll sergeant (D:6)
  A scorpion (D:4)
  9 wights
  6 killer bees (D:7)
  2 howler monkeys (D:8)
  A centaur zombie (D:9)
  5 hounds
  A jelly (D:5)
  A gnoll shaman (D:8)
  4 orc priests
  2 iguanas
  Ijyb (D:5)
  5 orc wizards
  A killer bee zombie (D:7)
  9 gnolls
  4 adders
  A shadow imp (D:5)
  An ufetubus (D:3)
  2 worms
  4 dart slugs
  26 orcs
  8 endoplasms
  2 giant cockroaches
  5 hobgoblins
  9 jackals
  6 quokkas
  5 ball pythons
  2 bats (D:1)
  2 frilled lizards
  9 goblins
  5 kobolds
  A rat (D:3)
163 creatures vanquished.

Notes
Turn   | Place    | Note
-------+----------+-------------------------------------------
     0 | D:5      | murtidash the Hill Orc Delver began the quest for the Orb.
     0 | D:5      | Reached XP level 1. HP: 19/19 MP: 1/1
    30 | D:5      | Noticed Edmund
    30 | D:5      | Noticed an orc wizard
    84 | D:5      | Noticed a centaur
   118 | D:5      | Noticed a hound
   119 | D:5      | Noticed a wight
   121 | D:5      | Noticed a centaur
   122 | D:4      | Noticed a hound
   138 | D:3      | Identified the +11 quarterstaff of Firuts {vorpal, rElec
                  | rPois Int-3 Dex+6}
   244 | D:3      | Reached skill level 3 in Axes
   256 | D:3      | Reached XP level 2. HP: 27/27 MP: 2/2
   263 | D:3      | Reached skill level 4 in Fighting
   590 | D:2      | Reached skill level 4 in Axes
   841 | D:4      | Reached XP level 3. HP: 33/33 MP: 3/3
  1191 | D:1      | Reached skill level 1 in Maces & Flails
  1310 | D:1      | Found a faded altar of an unknown god.
  1525 | D:2      | Reached XP level 4. HP: 40/41 MP: 4/4
  1810 | D:3      | Reached skill level 1 in Staves
  1811 | D:3      | Reached skill level 5 in Fighting
  1811 | D:3      | Reached XP level 5. HP: 47/48 MP: 5/5
  1841 | D:3      | Reached skill level 2 in Staves
  2421 | D:4      | Reached skill level 3 in Staves
  2421 | D:4      | Reached XP level 6. HP: 52/56 MP: 6/6
  3056 | D:4      | Reached skill level 6 in Fighting
  3293 | D:5      | Noticed Ijyb
  3299 | D:5      | Killed Ijyb
  3354 | D:5      | Reached skill level 4 in Staves
  3407 | D:5      | Reached XP level 7. HP: 63/63 MP: 7/7
  3411 | D:5      | Noticed Pikel
  3426 | D:5      | Killed Pikel
  3427 | D:5      | Reached skill level 7 in Fighting
  3427 | D:5      | Reached skill level 6 in Staves
  3427 | D:5      | Reached XP level 8. HP: 63/73 MP: 8/8
  3437 | D:5      | Killed Edmund
  3442 | D:5      | Reached skill level 8 in Fighting
  3444 | D:5      | Reached skill level 7 in Staves
  3587 | D:5      | Noticed Blork the orc
  3593 | D:5      | Killed Blork the orc
  3839 | D:5      | Noticed Sigmund
  3852 | D:5      | Killed Sigmund
  3853 | D:5      | Reached XP level 9. HP: 70/82 MP: 9/9
  4317 | D:6      | Reached skill level 1 in Armour
  4564 | D:6      | Reached skill level 8 in Staves
  4747 | D:6      | Noticed Eustachio
  4758 | D:6      | Killed Eustachio
  4759 | D:6      | Reached skill level 9 in Fighting
  5123 | D:7      | Reached skill level 2 in Armour
  5554 | D:7      | Found a staircase to the Ecumenical Temple.
  5676 | D:7      | Reached skill level 3 in Armour
  5753 | Temple   | Entered the Ecumenical Temple
  5875 | Temple   | Became a worshipper of Warmaster Okawaru
  5994 | D:7      | Found a shimmering blue altar of Sif Muna.
  6209 | D:8      | Noticed a two-headed ogre
  6215 | D:8      | Killed a two-headed ogre
  6215 | D:8      | Reached * piety under Okawaru
  6216 | D:8      | Reached skill level 9 in Staves
  6216 | D:8      | Reached skill level 4 in Armour
  6545 | D:8      | Reached XP level 10. HP: 93/93 MP: 10/10
  6606 | D:8      | Reached skill level 10 in Fighting
  6755 | D:8      | Reached ** piety under Okawaru
  6910 | D:8      | Reached skill level 5 in Armour
  7093 | D:8      | Found a runed translucent door.
  7095 | D:8      | Noticed Clumpoid's ghost (novice TrMo)
  7327 | D:8      | Killed Clumpoid's ghost
  7328 | D:8      | Reached skill level 10 in Staves
  7992 | D:9      | Reached *** piety under Okawaru
  8240 | D:9      | Noticed a two-headed ogre
  8243 | D:9      | Noticed a centaur warrior
  8248 | D:9      | HP: 9/94 [two-headed ogre (19)]
  8248 | D:9      | Slain by a two-headed ogre

Illustrated notes

Levels and vault maps discovered:
D:1:      dpeg_arrival_rooms_a, layout_loops_ring,
          hellmonk_ecumenical_altar_blasted
D:2:      cheibrodos_greedy_goblins, layout_basic
D:3:      layout_rooms, st_stairs_12, dk_noncrumbling_3
D:4:      layout_layer_cave, chequers_serial_rivers_room_b, sigmund_army
D:5:      layout_rooms, uniq_edmund, uniq_sigmund, uniq_blork_the_orc,
          uniq_pikel, uniq_ijyb
D:6:      layout_basic, minmay_a_box_with_orc_wizards_in_it, uniq_eustachio,
          uniq_crazy_yiuf_cottage
D:7:      layout_basic, nicolae_sif_muna_condensation, temple_doors_ab,
          corexii_item_surrounded_by_moat
D:8:      layout_basic, gammafunk_ghost_grave
D:9:      minmay_bloctagon, layout_loops_corners, grunt_decor_cap, uniq_joseph,
          uniq_grum
Temple:   grunt_wide_crystal_templ

Skill      XL: |  1  2  3  4  5  6  7  8  9 10 |
---------------+-------------------------------+-----
Axes           | 3 4 |  4.0
Fighting       | 4 5 6 7 8 9 10 | 10.7
Maces & Flails | 1 |  1.6
Staves         | 1 3 4 6 7 9 10 | 10.4
Armour         | 4 5 |  5.7
Dodging        | |  1.5
Stealth        | |  4.1

Action                   |  1- 3 |  4- 6 |  7- 9 | 10-12 || total
-------------------------+-------+-------+-------+-------++-------
Melee: Quarterstaff      |    67 |    76 |   136 |    70 ||   349
Evoke: Wand              |       |       |     1 |       ||     1
  Use: Scroll            |     1 |       |       |     1 ||     2
       Potion            |     1 |       |       |     1 ||     2
 Stab: Sleeping          |     9 |     4 |       |       ||    13
       Distracted        |       |     1 |       |       ||     1
Armor: Leather armour    |    13 |    16 |       |       ||    29
       Ring mail         |       |       |     5 |       ||     5
       Chain mail        |       |       |    35 |     9 ||    44
Dodge: Dodged            |    49 |    38 |    64 |    29 ||   180

Table legend: (Time is in decaauts)
 A = Elapsed time spent in this place.
 B = Non-inter-level travel time spent in this place.
 C = Inter-level travel time spent in this place.
 D = Time resting spent in this place.
 E = Time spent auto-exploring this place.
 F = Levels seen in this place.
 G = Mean time per level.
                   A        B        C        D        E       F      G
               +--------+--------+--------+--------+--------+-----+--------+
         Total |   8242 |   7945 |    297 |    362 |   6351 |  10 |  824.2 |
       Dungeon |   8111 |   7835 |    276 |    362 |   6257 |   9 |  901.2 |
        Temple |    131 |    110 |     21 |      0 |     94 |   1 |  131.0 |
               +--------+--------+--------+--------+--------+-----+--------+

Top non-repeatable levels by time:
     D:8: 1474 daAuts
     D:4: 1251 daAuts
     D:5: 1077 daAuts
     D:7: 1077 daAuts
     D:2: 719 daAuts
     D:6: 718 daAuts
     D:3: 657 daAuts
     D:9: 574 daAuts
     D:1: 559 daAuts
  Temple: 131 daAuts

Table legend:
 A = Kills in this place as a percentage of kills in entire the game.
 B = Kills by you in this place as a percentage of kills by you in the entire game.
 C = Kills by friends in this place as a percentage of kills by friends in the entire game.
 D = Other kills in this place as a percentage of other kills in the entire game.
 E = Experience gained in this place as a percentage of experience gained in the entire game.
 F = Experience gained in this place divided by the number of levels of this place that you have seen.
                   A       B       C       D       E      F
               +-------+-------+-------+-------+-------+----------------------
         Total | 100.0 | 100.0 |   N/A |   N/A | 100.0 | 757.3
       Dungeon | 100.0 | 100.0 |   N/A |   N/A | 100.0 | 841.4
               +-------+-------+-------+-------+-------+----------------------
